 Dungeon Crawl Stone Soup version 0.29-a0-902-g0f71de6fce (webtiles) character file.

Game seed: 3606206805728704762

19392 jlumianski the Thaumaturge (level 12, 0/77 (81) HPs)
             Began as a Demonspawn Ice Elementalist on July 25, 2022.
             Was a High Priest of Qazlal.
             Slain by a soul eater (4 damage)
             ... on level 1 of the Orcish Mines.
             The game lasted 01:53:34 (16042 turns).

jlumianski the Thaumaturge (DsIE)                  Turns: 16042, Time: 01:53:36

HP:   0/77 (81)     AC: 15    Str: 16    XL:     12   Next: 36%
MP:   22/25         EV: 12    Int: 30    God:    Qazlal [*****.]
Gold: 922           SH:  6    Dex: 13    Spells: 15/29 levels left

rFire   . . .      SeeInvis .   K - +8 spear "Killer Bee's Death" {drain, rCorr Str+5 Stlth+}
rCold   . . .      Faith    .   (no shield)
rNeg    . . .      Spirit   .   U - +0 acid dragon scales
rPois   .          Reflect  .   A - +2 hat
rElec   .          Harm     .   (no cloak)
rCorr   +          Rampage  .   E - +2 pair of gloves
Will    +....                   L - +2 pair of boots
Stlth   ++........              d - amulet of the acrobat
HPRegen 1.02/turn               f - +4 ring of slaying
MPRegen 0.19/turn               W - +6 ring of intelligence

@: freezing walls, lightly drained, repel missiles
A: powered by death 1, big brain 2, demonic magic 3, horns 1, strong-willed 1,
sense surroundings 1, regeneration 1
a: Renounce Religion, Upheaval, Elemental Force, Disaster Area


You were on level 1 of the Orcish Mines.
You worshipped Qazlal.
Qazlal was extremely pleased with you.
You visited 3 branches of the dungeon, and saw 16 of its levels.
You also visited: Sewer.

You collected 2643 gold pieces.
You spent 1721 gold pieces at shops.

Inventory:

Hand Weapons
 p - the +4 spear of Twilight {venom, rN+}
   (You found it on level 2 of the Dungeon)

   It poisons the flesh of those it strikes.
   rN:        It protects you from negative energy.
 K - the +8 spear "Killer Bee's Death" (weapon) {drain, rCorr Str+5 Stlth+}
   (You found it on level 7 of the Dungeon)

   A truly terrible weapon, it drains the life of any living foe it strikes.
   Str:       It affects your strength (+5).
   rCorr:     It protects you from acid and corrosion.
   Stlth:     It makes you more stealthy.
 Y - a +0 longbow of freezing
Missiles
 k - 25 poisoned darts (quivered)
 w - 3 silver boomerangs
 C - 6 curare-tipped darts
 D - 8 boomerangs
Armour
 m - a +0 troll leather armour
 s - a +0 troll leather armour
 A - a +2 hat (worn)
 E - a +2 pair of gloves (worn)
 L - a +2 pair of boots (worn)
 U - +0 acid dragon scales (worn)
Magical Staves
 Z - a staff of cold
Jewellery
 d - an amulet of the acrobat (around neck)
 e - a ring of resist corrosion
 f - a +4 ring of slaying (left hand)
 o - a ring of poison resistance
 r - a ring of see invisible
 z - an amulet of faith
 N - a +4 ring of evasion
 P - a ring of fire
 W - a +6 ring of intelligence (right hand)
Wands
 i - a wand of light (5)
 H - a wand of mindburst (5)
 T - a wand of paralysis (11)
 V - a wand of polymorph (5)
Scrolls
 c - a scroll of magic mapping {unknown}
 g - a scroll of immolation
 h - a scroll of enchant weapon
 n - a scroll of fear
 q - 6 scrolls of teleportation
 u - 6 scrolls of poison
 y - a scroll of butterflies {unknown}
 M - a scroll of silence
 Q - 3 scrolls of blinking
Potions
 b - a potion of magic
 j - 2 potions of brilliance
 l - 3 potions of haste
 t - 3 potions of invisibility
 v - 3 potions of curing
 x - a potion of flight
 B - a potion of might
 R - 2 potions of resistance {unknown}
 X - 5 potions of heal wounds
Miscellaneous
 a - a tin of tremorstones (2/2)


   Skills:
 + Level 3.4 Fighting
 + Level 0.7 Short Blades
 + Level 5.6 Polearms
 + Level 0.6 Ranged Weapons
 + Level 0.1 Throwing
 + Level 3.7 Armour
 + Level 3.1 Dodging
 + Level 7.2 Stealth
 + Level 1.7 Shields
 + Level 9.2 Spellcasting
 * Level 7.1 Conjurations
 + Level 0.2 Fire Magic
 + Level 8.7 Ice Magic
 * Level 7.8 Invocations
 * Level 5.8 Evocations


You had 15 spell levels left.
You knew the following spells:

 Your Spells              Type           Power      Damage    Failure   Level
a - Freeze                Ice            100%       1d11      1%          1
b - Frozen Ramparts       Ice            100%       1d12      1%          3
c - Ozocubu's Armour      Ice            61%        N/A       1%          3
d - Foxfire               Conj/Fire      100%       2x1d9     1%          1
e - Hailstorm             Conj/Ice       57%        3d12      1%          4
f - Searing Ray           Conj           100%       2d8       1%          2

Your spell library contained the following spells:

 Spells                   Type           Power      Damage    Failure   Level
 Magic Dart               Conj           100%       1d8       1%          1
 Conjure Flame            Conj/Fire      35%        6-21      3%          3
 Flame Wave               Conj/Fire      35%        2d8       12%         4
 Fulminant Prism          Conj/Hex       17%        3d11      12%         4
 Inner Flame              Hex/Fire       14%        N/A       14%         3
 Metabolic Englaciation   Hex/Ice        20%        N/A       24%         5
 Cause Fear               Hex            6%         N/A       45%         4
 Ozocubu's Refrigeration  Ice            30%        4d11      75%         7
 Simulacrum               Ice/Necr       20%        N/A       78%         6
 Dragon Form              Tmut           6%         N/A       100%        7
 Dragon's Call            Summ           6%         N/A       100%        9


Dungeon Overview and Level Annotations

Branches:
Dungeon (13/15)            Temple (1/1) D:6            Lair (0/5) D:10
    Orc (2/2) D:12            Elf (0/3) Orc:2         Sewer (visited)
 Vaults: D:13-14

Altars:
Ashenzari
Cheibriados
Dithmenos
Fedhas
Gozag
Hepliaklqana
Kikubaaqudgha
Makhleb
Nemelex Xobeh
Okawaru
Qazlal
Ru
Sif Muna
Trog
Uskayaw
Vehumet
Wu Jian
Xom
Yredelemnul

Shops:
D:9 ((*   D:10 [*[   D:12 *===   Orc:1 =[   Orc:2 !!

Annotations:
D:9 turdburglar's ghost, journeyman KoEn


Innate Abilities, Weirdness & Mutations

You regenerate a little health from kills.
You have an extremely huge brain. (Int +4)
Spells you cast and wands you use may paralyse nearby enemies.
You have a pair of small horns on your head.
You are strong-willed. (Will+)
You passively map a small area around you.
Your natural rate of healing is unusually fast.


Message History

The soul eater hits you!
The wall freezes the orc warrior.
You closely miss the soul eater.
The soul eater is moderately wounded.
The orc warrior is no longer paralysed.
You barely miss the soul eater. Your headbutt misses the soul eater.
The soul eater is moderately wounded.
The soul eater resists.
The wall freezes the soul eater.
The soul eater hits you!
* * * LOW HITPOINT WARNING * * *
The orc warrior is engulfed in blazing flames.
The wall freezes the orc warrior!
You kill the orc warrior!
Qazlal accepts your kill.
You hit the soul eater but do no damage.
The soul eater is moderately wounded.
The soul eater resists.
The wall freezes the soul eater.
The soul eater draws from the surrounding life force!
* * * LOW HITPOINT WARNING * * *
The soul eater is healed.
Casting: Frozen Ramparts (safe; 1% risk of failure)
Confirm with . or Enter, or press ? or * to list all spells.
Aiming: Freeze (safe; 1% risk of failure)
Press: ? - help, Shift-Dir - straight line, f - soul eater
Aim: a soul eater (moderately wounded)
You freeze the soul eater.
The soul eater resists.
The soul eater is heavily wounded.
Malevolent energies surge around you.
The soul eater resists.
The wall freezes the soul eater.
The soul eater hits you!
* * * LOW HITPOINT WARNING * * *
You hit the soul eater but do no damage.
The soul eater is heavily wounded.
The soul eater resists.
The wall freezes the soul eater.
The soul eater hits you but does no damage.
You hit the soul eater but do no damage.
The soul eater is heavily wounded.
The soul eater resists.
The wall freezes the soul eater.
The soul eater hits you!
* * * LOW HITPOINT WARNING * * *
You feel drained.
You die...

###..................#..
##.#........[..)[........
#............[.[[.......#
##......#.)..)))[.#.....#
##..........>[[.....#..#
##............[.........
#......##°.#.....#......
##....3#°............#..
#.....#@.§..........#.#.
##....○.☼.○....#.........
#.....°§.................
##..#...#.........#......
#....####......#.###...#.
##..## ##.#..#...###.###
#### ##...##.## ###
##......# #...#...#


You could see a soul eater.

Vanquished Creatures
  2 two-headed ogres (Orc:2)
  A deep elf pyromancer (D:12)
  3 orc knights (Orc:2)
  2 cyclopes
  4 orc sorcerers
  A manticore (D:11)
  Joseph (D:7)
  A smoke demon (Orc:2)
  A gargoyle (D:12)
  An efreet (D:8)
  A komodo dragon (D:11)
  A red devil (Orc:2)
  An ice devil (Orc:1)
  6 trolls
  2 shadows
  Sigmund (D:6)
  A vampire (D:10)
  3 wyverns
  9 yaks
  3 wraiths
  Eustachio (D:5)
  A vampire mosquito (D:12)
  A basilisk (D:11)
  6 wargs (Orc:2)
  A water moccasin (D:6)
  3 acid dragons
  23 orc warriors
  2 ice beasts
  2 sky beasts
  6 ogres
  4 centaurs (D:11)
  4 kobold brigands
  3 bullfrogs
  2 gnoll sergeants
  A necrophage (D:5)
  3 scorpions
  4 wights
  4 howler monkeys
  5 hounds
  A gnoll bouda (D:8)
  22 orc priests
  A jelly (D:5)
  3 iguanas
  15 orc wizards
  7 adders
  17 gnolls
  2 river rats (Sewer)
  4 white imps
  2 worms
  59 orcs
  9 endoplasms
  4 giant cockroaches
  11 goblins
  12 hobgoblins
  23 kobolds
  9 quokkas
  7 ball pythons
  4 bats
  2 frilled lizards
  6 rats
341 creatures vanquished.

Vanquished Creatures (others)
  A hydra (D:12)
  A shadow (D:11)
  30 foxfires
  7 plants (D:10)
39 creatures vanquished.

Grand Total: 380 creatures vanquished

Notes
Turn   | Place    | Note
-------+----------+-------------------------------------------
     0 | D:1      | jlumianski the Demonspawn Ice Elementalist began the quest
                  | for the Orb.
     0 | D:1      | Reached XP level 1. HP: 13/13 MP: 3/3
   593 | D:1      | Gained mutation: Spells you cast may paralyse adjacent
                  | enemies. [demonic ancestry]
   593 | D:1      | Reached XP level 2. HP: 19/19 MP: 1/5
  1267 | D:3      | Gained mutation: You have an unusually large brain. (Int
                  | +2) [demonic ancestry]
  1267 | D:3      | Reached XP level 3. HP: 14/24 MP: 3/6
  1271 | D:3      | Learned a level 3 spell: Frozen Ramparts
  1475 | D:3      | Found a glowing drain.
  1502 | Sewer    | Entered a sewer
  1611 | Sewer    | Reached XP level 4. HP: 30/30 MP: 0/8
  1615 | Sewer    | Learned a level 3 spell: Ozocubu's Armour
  1741 | Sewer    | Noticed a kobold brigand
  1750 | Sewer    | Killed a kobold brigand
  1751 | Sewer    | Reached skill level 3 in Spellcasting
  1751 | Sewer    | Gained mutation: Spells you cast may paralyse nearby
                  | enemies. [demonic ancestry]
  1751 | Sewer    | Reached XP level 5. HP: 11/36 MP: 1/9
  2151 | Sewer    | Reached skill level 1 in Armour
  2151 | Sewer    | Reached skill level 5 in Ice Magic
  2151 | Sewer    | Reached XP level 6. HP: 21/42 MP: 0/11
  2667 | D:2      | Identified the +4 spear of Twilight {venom, rN+}
  3032 | D:2      | Noticed a golden eye
  3051 | D:2      | Found a faded altar of an unknown god.
  3070 | D:2      | Noticed a great orb of eyes
  3087 | D:2      | Noticed a golden eye
  3087 | D:2      | Noticed a floating eye
  3096 | D:2      | You fall into a shaft and drop 2 floors!
  3103 | D:4      | Found a sparkling altar of Nemelex Xobeh.
  3118 | D:4      | Found a shimmering blue altar of Sif Muna.
  3318 | D:4      | Reached skill level 4 in Spellcasting
  3443 | D:5      | Entered Level 5 of the Dungeon
  3518 | D:5      | Gained mutation: You regenerate a little health from kills.
                  | [demonic ancestry]
  3518 | D:5      | Reached XP level 7. HP: 47/47 MP: 8/13
  3532 | D:5      | Noticed Eustachio
  4368 | D:3      | Reached skill level 1 in Polearms
  5651 | D:4      | Gained mutation: You occasionally lose the ability to read
                  | scrolls when taking damage. [potion of mutation]
  5651 | D:4      | Gained mutation: You passively map a small area around you.
                  | [potion of mutation]
  5651 | D:4      | Gained mutation: Your spells are a little harder to cast,
                  | but a little more powerful. [potion of mutation]
  5651 | D:4      | Gained mutation: You have sharp toenails. [potion of
                  | mutation]
  5652 | D:4      | Lost mutation: You have sharp toenails. [potion of
                  | mutation]
  5652 | D:4      | Lost mutation: Your spells are a little harder to cast, but
                  | a little more powerful. [potion of mutation]
  5652 | D:4      | Gained mutation: You expend magic power (3 MP) to
                  | strengthen your wands. [potion of mutation]
  5652 | D:4      | Gained mutation: You are robust. (+10% HP) [potion of
                  | mutation]
  5652 | D:4      | Gained mutation: You have a pair of small horns on your
                  | head. [potion of mutation]
  5652 | D:4      | Gained mutation: You possess an exceptional clarity of
                  | mind. [potion of mutation]
  6355 | D:6      | Reached skill level 5 in Spellcasting
  6360 | D:6      | Reached XP level 8. HP: 39/58 MP: 15/15
  6688 | D:7      | Noticed Joseph
  6701 | D:6      | Reached skill level 1 in Fighting
  6978 | D:5      | Killed Eustachio
  7340 | D:6      | Found a staircase to the Ecumenical Temple.
  7351 | Temple   | Entered the Ecumenical Temple
  7577 | Temple   | Became a worshipper of Qazlal Stormbringer
  7627 | D:6      | Learned a level 1 spell: Foxfire
  7765 | D:6      | Reached skill level 1 in Conjurations
  8196 | D:6      | Noticed Sigmund
  8206 | D:6      | Reached skill level 6 in Spellcasting
  8255 | D:6      | Killed Sigmund
  8458 | D:6      | Gained mutation: You have an extremely huge brain. (Int +4)
                  | [demonic ancestry]
  8458 | D:6      | Reached XP level 9. HP: 67/67 MP: 14/18
  8463 | D:6      | Learned a level 4 spell: Hailstorm
  8477 | D:7      | Killed Joseph
  8478 | D:7      | Reached skill level 5 in Stealth
  8762 | D:7      | Found an iron altar of Okawaru.
  9111 | D:7      | Identified the +8 spear "Killer Bee's Death" {drain, rCorr
                  | Str+5 Stlth+}
  9193 | D:7      | Reached * piety under Qazlal
  9235 | D:7      | Found an ancient bone altar of Kikubaaqudgha.
  9425 | D:8      | Reached skill level 7 in Spellcasting
  9882 | D:8      | Gained mutation: Spells you cast and wands you use may
                  | paralyse nearby enemies. [demonic ancestry]
  9882 | D:8      | Reached XP level 10. HP: 69/74 MP: 14/20
 10229 | D:9      | Found Pudeil's Weapon Shop.
 10539 | D:9      | Reached skill level 1 in Evocations
 10698 | D:9      | Found a runed translucent door.
 10701 | D:9      | Noticed turdburglar's ghost (journeyman KoEn)
 10702 | D:9      | Noticed a death knight
 10840 | D:9      | Found a blossoming altar of Fedhas.
 10859 | D:9      | Found Uruklatryf's Weapon Emporium.
 10872 | D:10     | Entered Level 10 of the Dungeon
 10912 | D:9      | Reached skill level 1 in Invocations
 10962 | D:9      | Found Nar Xaig's Assorted Antiques.
 11456 | D:10     | Found Extiok's Antique Artefacts.
 11474 | D:10     | Found an opulent altar of Gozag.
 11706 | D:10     | Reached skill level 5 in Conjurations
 11849 | D:10     | Found a staircase to the Lair.
 11919 | D:10     | Identified a scroll of acquirement
 12010 | D:10     | Found Tevung's Antique Armour Emporium.
 12107 | D:10     | Found Eluriten's Antique Armour Shop.
 12139 | D:11     | Noticed a cyclops
 12142 | D:11     | Noticed a manticore
 12148 | D:11     | Killed a cyclops
 12156 | D:11     | Killed a manticore
 12157 | D:11     | Reached skill level 8 in Spellcasting
 12165 | D:11     | Lost mutation: You expend magic power (3 MP) to strengthen
                  | your wands. [potion of mutation]
 12165 | D:11     | Lost mutation: You are robust. (+10% HP) [potion of
                  | mutation]
 12165 | D:11     | Lost mutation: You possess an exceptional clarity of mind.
                  | [potion of mutation]
 12165 | D:11     | Gained mutation: Your natural rate of healing is unusually
                  | fast. [potion of mutation]
 12165 | D:11     | Lost mutation: You occasionally lose the ability to read
                  | scrolls when taking damage. [potion of mutation]
 12165 | D:11     | Gained mutation: You are strong-willed. (Will+) [potion of
                  | mutation]
 12204 | D:11     | Reached ** piety under Qazlal
 12542 | D:11     | Reached skill level 1 in Shields
 12597 | D:11     | Reached skill level 5 in Invocations
 12667 | D:11     | Reached XP level 11. HP: 74/74 MP: 13/23
 13038 | D:12     | Found Omony's Jewellery Emporium.
 13051 | D:12     | Bought a ring of see invisible for 210 gold pieces
 13063 | D:12     | Noticed a deep elf pyromancer
 13063 | D:12     | Noticed a seven-headed hydra
 13072 | D:12     | Killed a seven-headed hydra
 13073 | D:12     | Killed a deep elf pyromancer
 13146 | D:12     | Found Gemabu's Jewellery Boutique.
 13392 | D:12     | Found Ebucodu's Assorted Antiques.
 13437 | D:12     | Bought an amethyst potion for 20 gold pieces
 13437 | D:12     | Bought a scroll labelled VUOCHOUNTUOVO for 23 gold pieces
 13468 | D:12     | Found a staircase to the Orcish Mines.
 13599 | D:12     | Found Omneuzas's Jewellery Emporium.
 13611 | D:12     | Acquired 1174 gold pieces
 13614 | D:12     | Bought a +4 ring of slaying for 1248 gold pieces
 13676 | D:12     | Learned a level 2 spell: Searing Ray
 13770 | Orc:1    | Entered Level 1 of the Orcish Mines
 13770 | Orc:1    | Noticed an orc sorcerer
 13795 | D:12     | Killed an orc sorcerer
 13943 | Orc:1    | Found Fuixewkos's Armour Shoppe.
 14099 | Orc:2    | Entered Level 2 of the Orcish Mines
 14126 | Orc:1    | Reached *** piety under Qazlal
 14383 | Orc:2    | Noticed a two-headed ogre
 14400 | Orc:2    | Killed a two-headed ogre
 14603 | Orc:2    | Found a staircase to the Elven Halls.
 14657 | Orc:1    | Noticed an orc knight
 14666 | Orc:2    | Killed an orc knight
 14705 | Orc:2    | Reached skill level 5 in Polearms
 14865 | Orc:2    | Noticed an orc knight
 14883 | Orc:2    | Killed an orc knight
 14933 | Orc:1    | Reached skill level 5 in Evocations
 14997 | Orc:1    | Reached **** piety under Qazlal
 15099 | Orc:2    | Reached XP level 12. HP: 48/81 MP: 10/24
 15108 | Orc:2    | Noticed a two-headed ogre
 15117 | Orc:2    | Killed a two-headed ogre
 15377 | Orc:1    | Found Felynn's Jewellery Shop.
 15622 | Orc:2    | Reached skill level 9 in Spellcasting
 15835 | Orc:2    | Found Vuceosor's Distillery.
 15855 | Orc:2    | Found Gafyattu's Distillery.
 15861 | Orc:2    | Bought a potion of heal wounds for 70 gold pieces
 15863 | Orc:2    | Bought a potion of heal wounds for 75 gold pieces
 15863 | Orc:2    | Bought a potion of heal wounds for 75 gold pieces
 15925 | Orc:2    | Reached ***** piety under Qazlal
 15931 | Orc:2    | Noticed an orc high priest
 16042 | Orc:1    | HP: 4/80 [soul eater (14)]
 16042 | Orc:1    | Slain by a soul eater

Illustrated notes

Levels and vault maps discovered:
D:1:      ncdulo_lavacross, layout_loops_ring
D:2:      layout_basic, hellmonk_ecumenical_altar_watching_god
D:3:      layout_basic, portal_sewer_entry_f, ebering_dispersal_statue_hall,
          minmay_between
D:4:      layout_gridville, nicolae_overflow_hidden_temple
D:5:      layout_rooms, minmay_increasing_density, uniq_eustachio
D:6:      layout_basic, minmay_temple_entry_poolview, serial_corexii_hall,
          chequers_hall_statues_corner_a, chequers_hall_statues_corner_a,
          corexii_hall_statues_x, corexii_hall_statues_u, uniq_sigmund
D:7:      layout_gridville, kennysheep_okawaru_gauntlet, lemuel_tele_altar,
          enter_bailey_2, uniq_joseph
D:8:      layout_basic, dreamdust_princess_corridor
D:9:      layout_basic, mainiacjoe_overflow_boulevard, serial_shops,
          nicolae_shop_competitors_out_of_business, shop, kennysheep_mini,
          ebering_ghost_inner_flame, eino_curves_04
D:10:     layout_roguey, lemuel_crystal_altar, dpeg_oklobed_lair, serial_shops,
          shop, nicolae_diamond_shop, nicolae_antique_artefacts
D:11:     layout_rooms
D:12:     layout_cave_pools, orc_0_dummy, serial_shops, nicolae_shop_stone,
          nicolae_shop_advertising_works [nicolae_subvault_shop_adworks], shop,
          shop_statue
D:13:     layout_layer_cave, david_vaults_2, amcnicky_mini_corridor_feature,
          kennysheep_another_room, kennysheep_generic_room_16
Temple:   regret_index_temple_sphere_string
Orc:1:    layout_caves, serial_shops, nicolae_lakefront_shop,
          minmay_shop_enchanted_jewellery
Orc:2:    pf_orc_diabolical, layout_caves

Skill      XL: |  1  2  3  4  5  6  7  8  9 10 11 12 |
---------------+-------------------------------------+-----
Ice Magic      | 4 5 6 7 8 |  8.7
Stealth        | 2 3 4 6 7 |  7.2
Spellcasting   | 3 4 5 6 7 8 9 |  9.2
Dodging        | 2 3 |  3.1
Armour         | 1 2 3 |  3.7
Polearms       | 2 3 4 5 |  5.6
Fighting       | 2 3 |  3.4
Conjurations   | 2 4 5 6 7 |  7.1
Evocations     | 2 5 |  5.8
Invocations    | 5 7 |  7.8
Shields        | 1 |  1.7
Short Blades   | |  0.7
Ranged Weapons | |  0.6
Throwing       | |  0.1
Fire Magic     | |  0.2

Action                   |  1- 3 |  4- 6 |  7- 9 | 10-12 || total
-------------------------+-------+-------+-------+-------++-------
Melee: Short sword       |    18 |       |       |       ||    18
       Dagger            |       |    17 |       |       ||    17
       Spear             |       |    13 |   175 |   283 ||   471
       Headbutt          |       |       |    26 |    61 ||    87
       Punch             |       |       |     1 |     5 ||     6
 Fire: Longbow           |       |       |       |    12 ||    12
Throw: Dart              |       |       |       |     5 ||     5
 Cast: Freeze            |    37 |    10 |    10 |    13 ||    70
       Frozen Ramparts   |     4 |    20 |    54 |    57 ||   135
       Ozocubu's Armour  |       |     6 |    20 |    26 ||    52
       Foxfire           |       |       |    13 |     3 ||    16
       Hailstorm         |       |       |     2 |    14 ||    16
       Searing Ray       |       |       |       |     3 ||     3
Evoke: Wand              |       |       |       |     1 ||     1
  Use: Scroll            |     1 |     1 |    15 |     6 ||    23
       Potion            |       |       |     4 |     3 ||     7
 Stab: Paralysed         |    12 |    13 |    38 |    37 ||   100
       Sleeping          |       |     2 |     2 |       ||     4
Armor: Robe              |     1 |       |       |       ||     1
       Leather armour    |     1 |     3 |    44 |     1 ||    49
       Acid dragon scale |       |       |       |    96 ||    96
Dodge: Dodged            |    23 |    31 |   114 |   202 ||   370
Block: Other             |       |       |     2 |    38 ||    40

Table legend: (Time is in decaauts)
 A = Elapsed time spent in this place.
 B = Non-inter-level travel time spent in this place.
 C = Inter-level travel time spent in this place.
 D = Time resting spent in this place.
 E = Time spent auto-exploring this place.
 F = Levels seen in this place.
 G = Mean time per level.
                   A        B        C        D        E       F      G
               +--------+--------+--------+--------+--------+-----+--------+
         Total |  16149 |  15673 |    476 |   1237 |   8028 |  17 |  949.9 |
       Dungeon |  12650 |  12174 |    476 |    528 |   7449 |  13 |  973.1 |
        Temple |    240 |    240 |      0 |      0 |      2 |   1 |  240.0 |
  Orcish Mines |   2222 |   2222 |      0 |    363 |    422 |   2 | 1111.0 |
         Sewer |   1035 |   1035 |      0 |    346 |    155 |   1 | 1035.0 |
               +--------+--------+--------+--------+--------+-----+--------+

Top non-repeatable levels by time:
     D:4: 1566 daAuts
   Orc:2: 1519 daAuts
     D:6: 1493 daAuts
     D:8: 1469 daAuts
     D:3: 1356 daAuts
   Sewer: 1035 daAuts
     D:5: 1022 daAuts
     D:1: 949 daAuts
     D:2: 935 daAuts
     D:7: 855 daAuts
     D:9: 806 daAuts
    D:12: 754 daAuts
    D:10: 733 daAuts
   Orc:1: 702 daAuts
    D:11: 668 daAuts
